TOP OF THE 1ST |
Las Vegas Flamingos batting - Pitching for Ft. Worth Cattlemen : RHP Tom Scots
|
Pitching: RHP Tom Scots
|
|
Batting: LHB Dirk Horwedel
|
0-0: Ball 1-0: Foul Ball, location: 2F 1-1: Called Strike 1-2: Foul Ball, location: 2F 1-2: Ball 2-2: Ball 3-2: Foul Ball, location: 2F 3-2: Base on Balls
|
Batting: LHB Cisco Hernández
|
0-0: SINGLE (Line Drive, 7S, EV 91.2 MPH) Dirk Horwedel to second
|
Batting: LHB Chan-ho Shinn
|
0-0: Ball 1-0: Ball 2-0: Swinging Strike 2-1: SINGLE (Line Drive, 8RS, EV 111.9 MPH) Dirk Horwedel to third Cisco Hernández to second Runner from 3rd tries for Home, SAFE, throw by CF to home
|
Batting: LHB Lewis N. Clark
|
0-0: Fielders Choice at 2nd, 4-6 (Groundball, 4, EV 80.6 MPH) Cisco Hernández to third
|
Batting: LHB Joo-Chan Park
|
0-0: Ball 1-0: Foul Ball, location: 2F 1-1: Foul Ball, location: 2F 1-2: 3-RUN HOME RUN (Flyball, 7D, EV 106.2 MPH), Distance : 382 ft
|
Batting: RHB Samual Kingman
|
0-0: Swinging Strike 0-1: Swinging Strike 0-2: Ball 1-2: Ball 2-2: Strikes out swinging
|
Batting: LHB Adrián Gómez
|
0-0: Ball 1-0: Ball 2-0: Ground out 5-3 (Groundball, 5, EV 106.2 MPH)
|
Top of the 1st over - 4 runs, 3 hits, 0 errors, 0 left on base; Las Vegas 4 - Ft. Worth 0 |
BOTTOM OF THE 1ST |
Ft. Worth Cattlemen batting - Pitching for Las Vegas Flamingos : RHP Munoto Morishita
|
Pitching: RHP Munoto Morishita
|
|
Batting: RHB Dennis Wacher
|
0-0: Ball 1-0: Ball 2-0: Called Strike 2-1: Swinging Strike 2-2: Ball 3-2: Strikes out looking
|
Batting: LHB Semo Hoaloha
|
0-0: Ball 1-0: Ball 2-0: Ball 3-0: Called Strike 3-1: Foul Ball, location: 2F 3-2: Base on Balls
|
Batting: LHB Craig Woods
|
0-0: Foul Ball, location: 2F 0-1: Ball Wild Pitch! Semo Hoaloha to second 1-1: Ball 2-1: Called Strike 2-2: Foul Ball, location: 2F 2-2: Foul Ball, location: 2F 2-2: Strikes out swinging
|
Batting: SHB Kolby Hay
|
0-0: Ball 1-0: Called Strike 1-1: DOUBLE (Groundball, 3L, EV 108.8 MPH) Semo Hoaloha scores
|
Batting: RHB Derek Bangert
|
0-0: Foul Ball, location: 2F 0-1: Foul Ball, location: 2F 0-2: Ball 1-2: SINGLE (Groundball, 4D, EV 103.8 MPH) (infield hit) Kolby Hay to third
|
Batting: LHB Count Dante
|
0-0: Ball 1-0: Ball 2-0: Ball 3-0: Swinging Strike 3-1: Foul Ball, location: 2F 3-2: Strikes out swinging
|
Bottom of the 1st over - 1 run, 2 hits, 0 errors, 2 left on base; Las Vegas 4 - Ft. Worth 1 |
TOP OF THE 2ND |
Las Vegas Flamingos batting - Pitching for Ft. Worth Cattlemen : RHP Tom Scots
|
Batting: RHB Sake van Arem
|
0-0: Called Strike 0-1: Ball 1-1: Ball 2-1: Swinging Strike 2-2: Ground out 4-3 (Groundball, 4, EV 81.2 MPH)
|
Batting: RHB Esteban León
|
0-0: Ball 1-0: Ball 2-0: Ground out 4-3 (Groundball, 4, EV 108.1 MPH)
|
Batting: LHB Dirk Horwedel
|
0-0: Swinging Strike 0-1: Ball 1-1: Ball 2-1: Ball 3-1: Fly out, F8 (Flyball, 8LS, EV 83.8 MPH)
|
Top of the 2nd over - 0 runs, 0 hits, 0 errors, 0 left on base; Las Vegas 4 - Ft. Worth 1 |
BOTTOM OF THE 2ND |
Ft. Worth Cattlemen batting - Pitching for Las Vegas Flamingos : RHP Munoto Morishita
|
Batting: RHB Tsuneari Hirano
|
0-0: SINGLE (Line Drive, 6MD, EV 99.4 MPH)
|
Batting: RHB Min-gook Ch'oe
|
0-0: Ball 1-0: Ball 2-0: Ball 3-0: Called Strike 3-1: Base on Balls Tsuneari Hirano to second
|
Batting: RHB Lonnie Doble
|
0-0: Called Strike 0-1: Ground out 6-3 (Groundball, 6, EV 76.9 MPH) Tsuneari Hirano to third Min-gook Ch'oe to second
|
Batting: RHB Dennis Wacher
|
0-0: Ball 1-0: Called Strike 1-1: Swinging Strike 1-2: Strikes out looking
|
Batting: LHB Semo Hoaloha
|
0-0: Called Strike 0-1: SINGLE (Line Drive, 78S, EV 98.8 MPH) Tsuneari Hirano scores Min-gook Ch'oe to third Runner from 3rd tries for Home, SAFE, throw by CF to home
|
Batting: LHB Craig Woods
|
0-0: Foul Ball, location: 2F 0-1: Foul Ball, location: 2F 0-2: SINGLE (Line Drive, 6M, EV 95.6 MPH) Semo Hoaloha to second Runner from 2nd tries for 3rd, SAFE, no throw by CF
|
Batting: SHB Kolby Hay
|
0-0: Ball 1-0: Foul Ball, location: 2F 1-1: Swinging Strike 1-2: Ball 2-2: Ball 3-2: Strikes out swinging
|
Bottom of the 2nd over - 2 runs, 3 hits, 0 errors, 2 left on base; Las Vegas 4 - Ft. Worth 3 |
TOP OF THE 3RD |
Las Vegas Flamingos batting - Pitching for Ft. Worth Cattlemen : RHP Tom Scots
|
Batting: LHB Cisco Hernández
|
0-0: Ball 1-0: Called Strike 1-1: Fly out, F8 (Flyball, 89D, EV 98.8 MPH)
|
Batting: LHB Chan-ho Shinn
|
0-0: Ball 1-0: Ball 2-0: Called Strike 2-1: Ground out 1-3 (Groundball, 13, EV 69.4 MPH)
|
Batting: LHB Lewis N. Clark
|
0-0: Hit by Pitch
|
Batting: LHB Joo-Chan Park
|
0-0: Called Strike 0-1: Ball 1-1: Ball 2-1: Ball 3-1: Foul Ball, location: 2F 3-2: Fly out, F7 (Flyball, 7LS, EV 96.9 MPH)
|
Top of the 3rd over - 0 runs, 0 hits, 0 errors, 1 left on base; Las Vegas 4 - Ft. Worth 3 |
BOTTOM OF THE 3RD |
Ft. Worth Cattlemen batting - Pitching for Las Vegas Flamingos : RHP Munoto Morishita
|
Batting: RHB Derek Bangert
|
0-0: Called Strike 0-1: Ball 1-1: Ball 2-1: Foul Ball, location: 2F 2-2: Ball 3-2: Ground out 5-3 (Groundball, 56, EV 91.2 MPH)
|
Batting: LHB Count Dante
|
0-0: Ball 1-0: Called Strike 1-1: Called Strike 1-2: SINGLE (Flyball, 9S, EV 84.4 MPH)
|
Batting: RHB Tsuneari Hirano
|
0-0: Ball 1-0: Grounds into double play, 5-4-3 (Groundball, 5, EV 101.9 MPH)
|
Bottom of the 3rd over - 0 runs, 1 hit, 0 errors, 0 left on base; Las Vegas 4 - Ft. Worth 3 |
TOP OF THE 4TH |
Las Vegas Flamingos batting - Pitching for Ft. Worth Cattlemen : RHP Tom Scots
|
Batting: RHB Samual Kingman
|
0-0: Called Strike 0-1: SINGLE (Line Drive, 9S, EV 98.8 MPH)
|
Batting: LHB Adrián Gómez
|
0-0: Called Strike 0-1: Foul Ball, location: 2F 0-2: Grounds into double play, 6-4-3 (Groundball, 56D, EV 90.0 MPH)
|
Batting: RHB Sake van Arem
|
0-0: Ball 1-0: Ground out 4-3 (Groundball, 34, EV 87.5 MPH)
|
Top of the 4th over - 0 runs, 1 hit, 0 errors, 0 left on base; Las Vegas 4 - Ft. Worth 3 |
BOTTOM OF THE 4TH |
Ft. Worth Cattlemen batting - Pitching for Las Vegas Flamingos : RHP Munoto Morishita
|
Batting: RHB Min-gook Ch'oe
|
0-0: Swinging Strike 0-1: Foul Ball, location: 2F 0-2: Ball 1-2: Foul Ball, location: 2F 1-2: Ball 2-2: SINGLE (Line Drive, 7LM, EV 108.8 MPH)
|
Batting: RHB Lonnie Doble
|
0-0: Called Strike 0-1: Ball 1-1: Swinging Strike 1-2: Ball 2-2: Grounds into double play, 5-4-3 (Groundball, 56, EV 81.2 MPH)
|
Batting: RHB Dennis Wacher
|
0-0: Foul Ball, location: 2F 0-1: Ball 1-1: Fly out, F6 (Flyball, 6D, EV 93.8 MPH)
|
Bottom of the 4th over - 0 runs, 1 hit, 0 errors, 0 left on base; Las Vegas 4 - Ft. Worth 3 |
TOP OF THE 5TH |
Las Vegas Flamingos batting - Pitching for Ft. Worth Cattlemen : RHP Tom Scots
|
Batting: RHB Esteban León
|
0-0: Called Strike 0-1: Ball 1-1: Called Strike 1-2: SINGLE (Groundball, 4D, EV 99.4 MPH)
|
Batting: LHB Dirk Horwedel
|
0-0: Called Strike 0-1: Called Strike 0-2: Ball 1-2: Foul Ball, location: 2F 1-2: Ball 2-2: Fly out, F9 (Flyball, 9S, EV 86.2 MPH)
|
Batting: LHB Cisco Hernández
|
0-0: Ball 1-0: Ball 2-0: Grounds into double play, 6-4-3 (Groundball, 6, EV 91.2 MPH)
|
Top of the 5th over - 0 runs, 1 hit, 0 errors, 0 left on base; Las Vegas 4 - Ft. Worth 3 |
BOTTOM OF THE 5TH |
Ft. Worth Cattlemen batting - Pitching for Las Vegas Flamingos : RHP Munoto Morishita
|
Batting: LHB Semo Hoaloha
|
0-0: Called Strike 0-1: Fly out, F7 (Flyball, 7LM, EV 86.9 MPH)
|
Batting: LHB Craig Woods
|
0-0: Called Strike 0-1: Ball 1-1: Swinging Strike 1-2: Ball 2-2: Foul Ball, location: 2F 2-2: Foul Ball, location: 2F 2-2: Ball 3-2: Ground out 4-3 (Groundball, 4, EV 102.5 MPH)
|
Batting: SHB Kolby Hay
|
0-0: Called Strike 0-1: Called Strike 0-2: Ball 1-2: Ball 2-2: Ball 3-2: Base on Balls
|
Batting: RHB Derek Bangert
|
0-0: Called Strike 0-1: Fly out, F8 (Line Drive, 8RM, EV 89.4 MPH)
|
Bottom of the 5th over - 0 runs, 0 hits, 0 errors, 1 left on base; Las Vegas 4 - Ft. Worth 3 |
TOP OF THE 6TH |
Las Vegas Flamingos batting - Pitching for Ft. Worth Cattlemen : RHP Tom Scots
|
Batting: LHB Chan-ho Shinn
|
0-0: Ball 1-0: Foul Ball, location: 2F 1-1: Called Strike 1-2: Ball 2-2: Foul Ball, location: 2F 2-2: Strikes out looking
|
Batting: LHB Lewis N. Clark
|
0-0: SOLO HOME RUN (Flyball, 9D, EV 89.4 MPH), Distance : 383 ft
|
Pitching: RHP David Buchanan
|
|
Batting: LHB Joo-Chan Park
|
0-0: Ball 1-0: Called Strike 1-1: Called Strike 1-2: Fly out, F8 (Line Drive, 8RD, EV 100.0 MPH)
|
Batting: RHB Samual Kingman
|
0-0: Ground out 6-3 (Groundball, 6S, EV 67.5 MPH)
|
Top of the 6th over - 1 run, 1 hit, 0 errors, 0 left on base; Las Vegas 5 - Ft. Worth 3 |
BOTTOM OF THE 6TH |
Ft. Worth Cattlemen batting - Pitching for Las Vegas Flamingos : RHP Munoto Morishita
|
Pitching: RHP Yoshii Ikeda
|
|
Batting: LHB Count Dante
|
0-0: Ball 1-0: Foul Ball, location: 2F 1-1: Ball 2-1: Foul Ball, location: 2F 2-2: Fly out, F8 (Flyball, 78M, EV 85.6 MPH)
|
Batting: RHB Tsuneari Hirano
|
0-0: Ball 1-0: Called Strike 1-1: Ball 2-1: Ball 3-1: Foul Ball, location: 2F 3-2: Base on Balls
|
Batting: RHB Min-gook Ch'oe
|
0-0: Fly out, F8 (Flyball, 78XD, EV 111.2 MPH)
|
Batting: RHB Lonnie Doble
|
0-0: Ball 1-0: Called Strike 1-1: Ball 2-1: Foul Ball, location: 2F 2-2: Strikes out swinging
|
Bottom of the 6th over - 0 runs, 0 hits, 0 errors, 1 left on base; Las Vegas 5 - Ft. Worth 3 |
TOP OF THE 7TH |
Las Vegas Flamingos batting - Pitching for Ft. Worth Cattlemen : RHP David Buchanan
|
Batting: LHB Adrián Gómez
|
0-0: Ball 1-0: Called Strike 1-1: Called Strike 1-2: Foul Ball, location: 2F 1-2: Foul Ball, location: 2F 1-2: Ball 2-2: SOLO HOME RUN (Flyball, 78XD, EV 94.4 MPH), Distance : 426 ft
|
Batting: RHB Sake van Arem
|
0-0: Ground out 1-3 (Groundball, 34S, EV 68.8 MPH)
|
Batting: RHB Esteban León
|
0-0: Fly out, F7 (Flyball, 7LS, EV 89.4 MPH)
|
Batting: LHB Dirk Horwedel
|
0-0: Ball 1-0: Foul Ball, location: 2F 1-1: Fly out, F9 (Flyball, 9LM, EV 101.2 MPH)
|
Top of the 7th over - 1 run, 1 hit, 0 errors, 0 left on base; Las Vegas 6 - Ft. Worth 3 |
BOTTOM OF THE 7TH |
Ft. Worth Cattlemen batting - Pitching for Las Vegas Flamingos : RHP Yoshii Ikeda
|
Batting: RHB Dennis Wacher
|
0-0: Ball 1-0: Ball 2-0: SINGLE (Line Drive, 3D, EV 106.2 MPH)
|
Batting: LHB Semo Hoaloha
|
0-0: Ball 1-0: Ball 2-0: Grounds into double play, 6-4-3 (Groundball, 6, EV 100.6 MPH)
|
Batting: LHB Craig Woods
|
0-0: Called Strike 0-1: Swinging Strike 0-2: Strikes out looking
|
Bottom of the 7th over - 0 runs, 1 hit, 0 errors, 0 left on base; Las Vegas 6 - Ft. Worth 3 |
TOP OF THE 8TH |
Las Vegas Flamingos batting - Pitching for Ft. Worth Cattlemen : RHP David Buchanan
|
Batting: LHB Cisco Hernández
|
0-0: SINGLE (Line Drive, 8RS, EV 100.6 MPH)
|
Batting: LHB Chan-ho Shinn
|
0-0: Ball Wild Pitch! Cisco Hernández to second 1-0: Swinging Strike 1-1: Ball 2-1: Fly out, F8 (Line Drive, 8RD, EV 85.6 MPH)
|
Batting: LHB Lewis N. Clark
|
0-0: Called Strike 0-1: Swinging Strike 0-2: Foul Ball, location: 2F 0-2: Strikes out looking
|
Batting: LHB Joo-Chan Park
|
0-0: Ground out 4-3 (Groundball, 4S, EV 80.0 MPH)
|
Top of the 8th over - 0 runs, 1 hit, 0 errors, 1 left on base; Las Vegas 6 - Ft. Worth 3 |
BOTTOM OF THE 8TH |
Ft. Worth Cattlemen batting - Pitching for Las Vegas Flamingos : RHP Yoshii Ikeda
|
Now in RF: Owen Sharts
|
|
Batting: SHB Kolby Hay
|
0-0: Ball 1-0: Ball 2-0: Called Strike 2-1: Ground out 4-3 (Groundball, 4, EV 86.2 MPH)
|
Batting: RHB Derek Bangert
|
0-0: Called Strike 0-1: Swinging Strike 0-2: Ball 1-2: Reached via error on a dropped throw from 1B, E1 (Groundball, 34, EV 98.8 MPH)
|
Batting: LHB Count Dante
|
0-0: Ball 1-0: Swinging Strike 1-1: Foul Ball, location: 2F 1-2: Fly out, F7 (Flyball, 7, EV 74.4 MPH)
|
Batting: RHB Tsuneari Hirano
|
0-0: Foul Ball, location: 2F 0-1: Ball 1-1: Ball 2-1: Fly out, F3 (Line Drive, 3, EV 66.9 MPH)
|
Bottom of the 8th over - 0 runs, 0 hits, 1 error, 1 left on base; Las Vegas 6 - Ft. Worth 3 |
TOP OF THE 9TH |
Las Vegas Flamingos batting - Pitching for Ft. Worth Cattlemen : RHP David Buchanan
|
Batting: RHB Samual Kingman
|
0-0: Ball 1-0: SINGLE (Groundball, 56D, EV 108.1 MPH)
|
Batting: LHB Adrián Gómez
|
0-0: Fly out, F9 (Flyball, 9LM, EV 89.4 MPH)
|
Pitching: RHP WyDale Curry
|
|
Batting: RHB Sake van Arem
|
0-0: Grounds into double play, 6-4-3 (Groundball, 6M, EV 85.6 MPH)
|
Top of the 9th over - 0 runs, 1 hit, 0 errors, 0 left on base; Las Vegas 6 - Ft. Worth 3 |
BOTTOM OF THE 9TH |
Ft. Worth Cattlemen batting - Pitching for Las Vegas Flamingos : RHP Yoshii Ikeda
|
Pitching: LHP Takejiro Masuda
|
|
Batting: RHB Min-gook Ch'oe
|
0-0: Ball 1-0: Foul Ball, location: 2F 1-1: Foul Ball, location: 2F 1-2: Hit by Pitch
|
Batting: RHB Lonnie Doble
|
0-0: Called Strike 0-1: Ball 1-1: Foul Ball, location: 2F 1-2: 2-RUN HOME RUN (Flyball, 7D, EV 108.8 MPH), Distance : 385 ft
|
Batting: RHB Dennis Wacher
|
0-0: Called Strike 0-1: Swinging Strike 0-2: Ball 1-2: Fly out, F8 (Line Drive, 8LM, EV 94.4 MPH)
|
Batting: LHB Semo Hoaloha
|
0-0: Ball 1-0: Called Strike 1-1: Ball 2-1: Foul Ball, location: 2F 2-2: SINGLE (Groundball, 4D, EV 98.1 MPH)
|
Batting: LHB Craig Woods
|
0-0: Ball 1-0: Ball 2-0: Called Strike 2-1: Foul Ball, location: 2F 2-2: Ball Wild Pitch! Semo Hoaloha to second 3-2: SINGLE (Flyball, 78S, EV 98.8 MPH) Semo Hoaloha to third Runner from 3rd tries for Home, SAFE, no throw by LF
|
Batting: SHB Kolby Hay
|
0-0: Ball 1-0: Ball 2-0: Ball 3-0: Called Strike 3-1: Fly out, F8 (Line Drive, 8RD, EV 86.2 MPH)
|
Batting: RHB Derek Bangert
|
0-0: Called Strike 0-1: Foul Ball, location: 2F 0-2: Fly out, F8 (Flyball, 8RS, EV 91.2 MPH)
|
Bottom of the 9th over - 3 runs, 3 hits, 0 errors, 1 left on base; Las Vegas 6 - Ft. Worth 6 |
TOP OF THE 10TH |
Las Vegas Flamingos batting - Pitching for Ft. Worth Cattlemen : RHP WyDale Curry
|
Pitching: RHP Jack Buyse
|
|
Batting: RHB Esteban León
|
0-0: Foul Ball, location: 2F 0-1: Called Strike 0-2: Strikes out looking
|
Batting: LHB Dirk Horwedel
|
0-0: Foul Ball, location: 2F 0-1: Fly out, F9 (Flyball, 9S, EV 87.5 MPH)
|
Batting: LHB Cisco Hernández
|
0-0: Called Strike 0-1: Ball 1-1: Ball 2-1: Fly out, F8 (Flyball, 8RS, EV 91.2 MPH)
|
Top of the 10th over - 0 runs, 0 hits, 0 errors, 0 left on base; Las Vegas 6 - Ft. Worth 6 |
BOTTOM OF THE 10TH |
Ft. Worth Cattlemen batting - Pitching for Las Vegas Flamingos : LHP Takejiro Masuda
|
Pitching: LHP Javier Desdin
|
|
Batting: LHB Count Dante
|
0-0: Called Strike 0-1: Foul Ball, location: 2F 0-2: Strikes out looking
|
Batting: RHB Tsuneari Hirano
|
0-0: Ball 1-0: Ground out 6-3 (Groundball, 56, EV 88.8 MPH)
|
Batting: RHB Min-gook Ch'oe
|
0-0: Called Strike 0-1: Ball 1-1: Ball 2-1: SINGLE (Line Drive, 8RS, EV 100.0 MPH)
|
Batting: RHB Lonnie Doble
|
0-0: Ball 1-0: Called Strike 1-1: Foul Ball, location: 2F 1-2: Ball 2-2: Ball 3-2: Base on Balls Min-gook Ch'oe to second
|
Batting: RHB Dennis Wacher
|
0-0: Fly out, F8 (Line Drive, 8RD, EV 100.0 MPH)
|
Bottom of the 10th over - 0 runs, 1 hit, 0 errors, 2 left on base; Las Vegas 6 - Ft. Worth 6 |
TOP OF THE 11TH |
Las Vegas Flamingos batting - Pitching for Ft. Worth Cattlemen : RHP Jack Buyse
|
Batting: LHB Chan-ho Shinn
|
0-0: DOUBLE (Line Drive, 7LS, EV 101.9 MPH)
|
Batting: LHB Lewis N. Clark
|
0-0: Intentional Walk
|
Batting: LHB Owen Sharts
|
0-0: Fly out, F8 (Line Drive, 8LM, EV 88.1 MPH)
|
Pinch Hitting: LHB Lao Tian
|
0-0: Foul Ball, location: 2F 0-1: Called Strike 0-2: Fly out, F7 (Flyball, 78D, EV 91.9 MPH)
|
Batting: LHB Adrián Gómez
|
0-0: Called Strike 0-1: Swinging Strike 0-2: Foul Ball, location: 2F 0-2: Ball 1-2: Strikes out looking
|
Top of the 11th over - 0 runs, 1 hit, 0 errors, 2 left on base; Las Vegas 6 - Ft. Worth 6 |
BOTTOM OF THE 11TH |
Ft. Worth Cattlemen batting - Pitching for Las Vegas Flamingos : LHP Javier Desdin
|
Pitching: RHP Júlio Rodríguez
|
|
Now at 2B: Eric Deweese
|
|
Batting: LHB Semo Hoaloha
|
0-0: Called Strike 0-1: Ball 1-1: Foul Ball, location: 2F 1-2: Fly out, F3 (Popup, 3, EV 76.9 MPH)
|
Batting: LHB Craig Woods
|
0-0: Fly out, F9 (Flyball, 89XD, EV 87.5 MPH)
|
Batting: SHB Kolby Hay
|
0-0: Foul Ball, location: 2F 0-1: Ball 1-1: Ground out 5-3 (Groundball, 6, EV 103.1 MPH)
|
Bottom of the 11th over - 0 runs, 0 hits, 0 errors, 0 left on base; Las Vegas 6 - Ft. Worth 6 |
TOP OF THE 12TH |
Las Vegas Flamingos batting - Pitching for Ft. Worth Cattlemen : RHP Jack Buyse
|
Pitching: RHP Dragutin Petrovic
|
|
Batting: RHB Sake van Arem
|
0-0: Ball 1-0: Ball 2-0: Called Strike 2-1: Ball 3-1: Swinging Strike 3-2: SINGLE (Flyball, 8RS, EV 85.0 MPH)
|
Batting: RHB Esteban León
|
0-0: Ball 1-0: Ground out 4-3 (Groundball, 4D, EV 101.2 MPH) Sake van Arem to second
|
Batting: LHB Dirk Horwedel
|
0-0: Called Strike 0-1: Swinging Strike 0-2: Ball 1-2: Ball 2-2: Ball 3-2: SINGLE (Flyball, 7S, EV 84.4 MPH) Sake van Arem to third Runner from 3rd tries for Home, SAFE, no throw by LF
|
Batting: LHB Cisco Hernández
|
0-0: Ball 1-0: Ball 2-0: Ball 3-0: Called Strike 3-1: Foul Ball, location: 2F 3-2: Strikes out looking
|
Batting: LHB Chan-ho Shinn
|
0-0: Fly out, F9 (Flyball, 9, EV 95.6 MPH)
|
Top of the 12th over - 1 run, 2 hits, 0 errors, 1 left on base; Las Vegas 7 - Ft. Worth 6 |
BOTTOM OF THE 12TH |
Ft. Worth Cattlemen batting - Pitching for Las Vegas Flamingos : RHP Júlio Rodríguez
|
Batting: RHB Derek Bangert
|
0-0: Called Strike 0-1: Ball 1-1: Swinging Strike 1-2: Ball 2-2: Ball 3-2: Fly out, F8 (Flyball, 8RM, EV 88.1 MPH)
|
Batting: LHB Count Dante
|
0-0: Ball 1-0: Ball 2-0: Ball 3-0: Called Strike 3-1: Foul Ball, location: 2F 3-2: Strikes out swinging, 2-3 out at first.
|
Batting: RHB Tsuneari Hirano
|
0-0: Called Strike 0-1: Ground out 6-3 (Groundball, 6MS, EV 65.0 MPH)
|
Bottom of the 12th over - 0 runs, 0 hits, 0 errors, 0 left on base; Las Vegas 7 - Ft. Worth 6 |
|